 Dungeon Crawl Stone Soup version 0.24.1 (webtiles) character file.

Game seed: 6273163380352786978, levelgen mode: deterministic

21 Oxidus the Chiller (level 2, -1/36 HPs)
             Began as a Deep Dwarf Ice Elementalist on Mar 26, 2020.
             Slain by a hobgoblin
             ... wielding a cursed +0 club
             ... led by Robin
              (6 damage)
             ... on level 2 of the Dungeon.
             The game lasted 00:08:04 (1491 turns).

Oxidus the Chiller (Deep Dwarf Ice Elementalist)    Turns: 1491, Time: 00:08:05

Health: -1/36      AC: 21    Str:  8 (11) XL:     2   Next: 65%
Magic:  2/4        EV:  2    Int: 13 (15) God:
Gold:   18         SH:  0    Dex: 12 (13) Spells: 2/5 levels left

rFire    . . .     SeeInvis .   d - +0 club
rCold    . . .     Gourm    .   (no shield)
rNeg     + + +     Faith    .   (armour currently unavailable)
rPois    +         Spirit   .   (helmet currently unavailable)
rElec    .         Reflect  .   (cloak currently unavailable)
rCorr    .         Harm     .   (gloves currently unavailable)
MR       .....     NoTele   +   (boots currently unavailable)
Stlth    ++........             (no amulet)
HPRegen  0.00/turn              (no ring)
MPRegen  0.09/turn              (no ring)

@: tree-form, very slightly contaminated, non-regenerating, hasted, very quick
A: damage resistance, heal wounds, sense surroundings 1, no regeneration
a: Heal Wounds


You were on level 2 of the Dungeon.
You were not hungry.
You were a tree.
You visited 1 branch of the dungeon, and saw 2 of its levels.

You collected 18 gold pieces.

Inventory:

Hand Weapons
 d - a +0 club (weapon)
 k - a +0 hunting sling
Missiles
 l - 17 stones (quivered)
Armour
 f - a +0 scale mail (melded)
 m - a +0 pair of gloves (melded)
Potions
 e - a potion of resistance
Comestibles
 c - 2 rations


   Skills:
 + Level 0.3 Fighting
 + Level 0.2 Maces & Flails
 + Level 2.5 Dodging
 + Level 2.4 Stealth
 + Level 2.0 Spellcasting
 + Level 0.8 Conjurations
 + Level 3.1 Ice Magic


You had 2 spell levels left.
You knew the following spells:

 Your Spells              Type           Power        Failure   Level  Hunger
a - Freeze                Ice            #...         7%          1    ##.....
b - Throw Frost           Conj/Ice       #.....       17%         2    ###....

Your spell library contained the following spells:

 Spells                   Type           Power        Failure   Level  Hunger
 Ozocubu's Armour         Chrm/Ice       #.......     38%         3    ####...
 Throw Icicle             Conj/Ice       #.......     73%         4    #####..
 Summon Ice Beast         Ice/Summ       #.......     80%         4    #####..


Dungeon Overview and Level Annotations

Branches:
Dungeon (2/15)

Altars:
Fedhas
Xom

Annotations:
D:2 Robin


Innate Abilities, Weirdness & Mutations

You are resistant to damage.
You can heal yourself by infusing magical energy.
You passively map a small area around you.
You do not regenerate.


Message History

Casting: Throw Frost (safe; 17% risk of failure)
Confirm with . or Enter, or press ? or * to list all spells.
Aiming: Freeze (safe; 7% risk of failure)
Press: ? - help, Shift-Dir - straight line, f - Robin, p - hobgoblin
Aim: Robin, wielding a +0 dagger, wearing a +0 animal skin and wearing a +0 helmet of see invisible You freeze Robin.
Robin is moderately wounded.
The hobgoblin no longer looks unusually strong.
The goblin hits you but does no damage. x2
The hobgoblin hits you but does no damage.
The goblin hits the plant but does no damage.
Casting: Freeze (safe; 7% risk of failure)
Confirm with . or Enter, or press ? or * to list all spells.
Aiming: Freeze (safe; 7% risk of failure)
Press: ? - help, Shift-Dir - straight line, f - goblin, p - Robin
Aim: a goblin, wielding a +0 dagger (heavily wounded, unusually strong)
You freeze the goblin.
You kill the goblin!
The hobgoblin hits you with a cursed +0 club!
You die... #.......# * , #.......# , * #....ggg# , ###########.##* * * #PPPPP.PP##.# PPPP♣ * #P.PPP#PP.#.##.PPPP

PPP♣PPP.......♣P..
##♣♣PPPg.≈≈≈≈≈..P♣
#
#PP.♣P♣)≈≈≈≈≈≈≈..♣.
#
#PPPgggg≈≈≈≈≈≈≈≈..P
#
#PP..gb≈≈≈≈≈≈≈≈≈≈.P
#
#PP.P.≈≈≈≈...≈≈≈≈.P
,#
#P#PP(≈≈≈≈._.≈≈≈≈.P
#
#PPP#(†≈≈≈...≈≈≈≈..
#
#P#PP(≈≈≈≈≈(≈≈≈≈≈.P
,#
#.PP#..≈≈≈≈.≈≈≈≈..P
, #
#P#PP..(≈≈≈.≈≈≈..P#
, #


You could see Robin, 2 hobgoblins, 3 goblins and a bat.

Vanquished Creatures
  9 goblins
  4 hobgoblins
  A bat (D:2)
  A frilled lizard (D:1)
  A kobold (D:2)
  4 rats
20 creatures vanquished.

Notes
Turn   | Place    | Note
-------+----------+-------------------------------------------
     0 | D:1      | Oxidus the Deep Dwarf Ice Elementalist began the quest for
                  | the Orb.
     0 | D:1      | Reached XP level 1. HP: 15/15 MP: 3/3
   334 | D:1      | Reached skill level 3 in Ice Magic
   334 | D:1      | Reached XP level 2. HP: 5/22 MP: 0/4
   505 | D:2      | Noticed Robin
  1172 | D:2      | Found a shimmering altar of Xom.
  1177 | D:2      | Learned a level 2 spell: Throw Frost
  1449 | D:2      | Found a blossoming altar of Fedhas.
  1491 | D:2      | Slain by a hobgoblin

Levels and vault maps discovered:
D:1:      doesnt_arrival_eight_statues, layout_rooms, minmay_misc_feat_doors
D:2:      layout_rooms, tgw_fedhas, xom_teletrap_fun, uniq_robin

Skill      XL: |  1  2 |
---------------+-------+-----
Ice Magic      | 3 |  3.1
Spellcasting   | 2 |  2.0
Fighting       | |  0.3
Maces & Flails | |  0.2
Dodging        | |  2.5
Stealth        | |  2.4
Conjurations   | |  0.8

Action                   || total
-------------------------++-------
Melee: Unarmed           ||     1
       Club              ||    53
       Hunting sling     ||     1
 Fire: Hunting sling     ||     3
 Cast: Freeze            ||    27
       Throw Frost       ||     1
 Abil: Heal Wounds       ||     2
  Use: Scroll            ||     6
       Potion            ||     4
  Eat: Ration            ||     1
Armor: Robe              ||    11
       Scale mail        ||    62
       Skin              ||    17
Dodge: Dodged            ||   153
